AoeStats
← l.bitschnau

MegaRandom

505930443Analyzed
4v4 RM · 20d ago on Sep 11, 2026· 55m 31s· 8 players
Game mode
Random Map
Map size
Large (8 player)
Population
200
Speed
Normal
Resources
Standard
Victory
Conquest
Starting age
Dark Age
Ending age
Imperial Age
RankedLock teamsTeams togetherTeam positionsShared explorationLock speedFull tech treeHidden civsTurbo modeCheats
Victory
Defeat
🇮🇳 Turks · India
940
+15
🇹🇼 Italians · Taiwan
921
+16
🇮🇳 Goths · India
893
+17
🇮🇳 Jurchens · India
876
+18
🇨🇭 Shu · Switzerland
1000
-63
🇨🇭 Huns · Switzerland
943
-18
🇨🇭 Italians · Switzerland
916
-16
🇨🇭 Goths · Switzerland
810
-12
Eye of Horus
11:11 Loom
13:35 Feudal Age
18:04 Castle Age
16:40 Double-Bit Axe
16:40 Horse Collar
23:13 Heavy Plow
25:28 Gold Mining
31:14 Wheelbarrow
30:28 Town Watch
33:56 Imperial Age
32:57 Forging
32:53 Scale Barding Armor
34:48 Iron Casting
35:28 Gold Shaft Mining
34:44 Stone Mining
35:39 Hand Cart
35:24 Town Patrol
34:50 Elite Iron Pagoda
35:55 Chain Barding Armor
36:58 Blast Furnace
37:08 Bloodlines
36:59 Husbandry
37:26 Conscription
37:49 Stone Shaft Mining
38:04 Bow Saw
38:30 Crop Rotation
39:41 Plate Barding Armor
41:19 Fletching
42:56 Bodkin Arrow
43:30 Thunderclap Bombs
46:06 Heavy Rocket Cart
48:58 Bracer
49:07 Siege Engineers
49:23 Ballistics
50:04 Chemistry
48:51 Arrowslits
50:39 Scale Mail Armor
50:40 Padded Archer Armor
50:50 Light Cavalry
53:02 Hussar
Estarossa
0:47 Loom
12:17 Feudal Age
18:56 Castle Age
18:32 Horse Collar
18:39 Double-Bit Axe
21:18 Heavy Plow
21:33 Bow Saw
23:10 Gold Mining
26:15 Wheelbarrow
32:05 Imperial Age
34:48 Two-Man Saw
34:00 Elite Janissary
38:01 Hand Cart
40:09 Scale Barding Armor
40:15 Forging
39:56 Fletching
40:52 Bloodlines
40:43 Husbandry
shutianchen
10:43 Feudal Age
16:28 Castle Age
15:28 Double-Bit Axe
15:25 Horse Collar
15:38 Gold Mining
21:15 Wheelbarrow
20:36 Stone Mining
23:04 Bow Saw
27:58 Imperial Age
28:41 Hand Cart
28:02 Elite Genoese Crossbowman
29:17 Fletching
29:27 Padded Archer Armor
30:19 Stone Shaft Mining
31:23 Bodkin Arrow
31:44 Leather Archer Armor
32:54 Silk Road
32:56 Conscription
35:17 Bracer
35:47 Ring Archer Armor
36:20 Caravan
37:29 Chemistry
37:47 Two-Man Saw
40:35 Ballistics
49:50 Forging
49:40 Scale Mail Armor
50:21 Squires
50:07 Arson
LH44JAX
0:26 Loom
12:02 Feudal Age
13:54 Town Watch
19:02 Castle Age
17:12 Double-Bit Axe
19:57 Wheelbarrow
20:28 Fishing Lines
24:39 Town Patrol
26:34 Hand Cart
27:34 Horse Collar
29:33 Hand Cart
31:08 Gillnets
32:58 Bow Saw
32:56 Heavy Plow
32:50 Gold Mining
32:57 Stone Mining
32:56 Pikeman
33:37 Squires
35:07 Forging
34:57 Scale Mail Armor
39:08 Imperial Age
37:28 Caravan
38:16 Iron Casting
37:56 Chain Mail Armor
38:41 Anarchy
39:42 Halberdier
41:10 Perfusion
41:31 Conscription
46:32 Crop Rotation
52:55 Blast Furnace
l.bitschnau
12:27 Feudal Age
14:30 Wheelbarrow
21:18 Castle Age
19:45 Double-Bit Axe
19:46 Horse Collar
20:32 Man-at-Arms
21:11 Gold Mining
23:17 Hand Cart
23:10 Heavy Plow
22:36 Long Swordsman
24:58 Bow Saw
26:43 Bow Saw
30:52 Imperial Age
29:53 Fletching
30:17 Forging
30:08 Scale Mail Armor
29:59 Fletching
30:04 Stone Mining
31:47 Two-Handed Swordsman
32:30 Squires
35:28 Iron Casting
35:10 Chain Mail Armor
35:47 Crop Rotation
39:42 Anarchy
41:32 Chemistry
41:30 Perfusion
43:50 Murder Holes
53:45 Blast Furnace
fhoebs
7:39 Loom
11:18 Feudal Age
11:51 Double-Bit Axe
11:47 Horse Collar
14:03 Fishing Lines
16:45 Castle Age
17:40 Crossbowman
18:43 Bow Saw
19:02 Gillnets
20:52 Wheelbarrow
22:00 Padded Archer Armor
21:51 Fletching
24:26 Gold Mining
26:03 Stone Mining
28:14 Thumb Ring
28:58 Ballistics
28:59 Leather Archer Armor
28:40 Bodkin Arrow
29:54 Hand Cart
31:15 Stone Shaft Mining
31:12 Forging
31:54 Squires
31:40 Arson
35:00 Imperial Age
33:23 Scale Mail Armor
35:01 Chain Mail Armor
35:23 Iron Casting
37:25 Ring Archer Armor
36:58 Bracer
37:31 Plate Mail Armor
38:03 Blast Furnace
36:52 Town Watch
38:10 Chemistry
37:34 Conscription
36:40 Elite Genoese Crossbowman
36:46 Pikeman
38:50 Two-Man Saw
37:53 Heavy Plow
38:32 Pirotechnia
40:28 Elite Genoese Crossbowman
41:31 Scale Barding Armor
41:28 Murder Holes
41:55 Bombard Tower
41:49 Masonry
42:21 Arbalester
52:03 Chain Barding Armor
53:18 Elite Skirmisher
heritchan
10:12 Loom
13:20 Feudal Age
14:49 Wheelbarrow
17:25 Castle Age
15:47 Horse Collar
16:47 Double-Bit Axe
18:40 Scale Barding Armor
19:14 Bloodlines
19:27 Husbandry
24:33 Heavy Plow
24:49 Bow Saw
28:43 Town Watch
29:14 Hand Cart
34:09 Imperial Age
32:12 Chain Barding Armor
32:03 Forging
35:42 Iron Casting
34:46 Elite Tarkan
36:06 Plate Barding Armor
36:19 Marauders
43:23 Ballistics
42:52 Elite Skirmisher
43:40 Thumb Ring
44:30 Fletching
44:41 Padded Archer Armor
45:42 Blast Furnace
44:42 Scale Mail Armor
47:57 Leather Archer Armor
47:38 Bodkin Arrow
48:38 Gold Mining
UncleMoradin
7:10 Loom
11:23 Feudal Age
13:31 Wheelbarrow
18:29 Horse Collar
21:29 Castle Age
25:24 Loom
26:11 Pikeman
38:44 Fletching
38:56 Padded Archer Armor
39:00 Elite Skirmisher
45:22 Imperial Age
44:40 Leather Archer Armor
53:11 Crossbowman
53:32 Elite White Feather Guard
Connection lost

Rejoining the realm…

Still unreachable

The connection could not be restored.

Session expired

The server has moved on; the page needs a fresh start.